 Dungeon Sprint DCSS version 0.29.1-15-g9cfb28693d (webtiles) character file.

Game seed: 9782681112479257909

9100000 Ast3rio the Intangible (level 27, -140/228 HPs)
             Began as a Djinni Gladiator on Mar 23, 2023.
             Was the Champion of Makhleb.
             Annihilated by a destroyer
             ... wielding a +9 vorpal great sword
              (207 damage)
             ... in the Dungeon (Sprint VIII: "Arena of Blood") on Mar 27, 2023.
             The game lasted 00:06:33 (91 turns).

Ast3rio the Intangible (Djinni Gladiator)             Turns: 91, Time: 00:06:33

Health: -140/228   AC:  8    Str: 15    XL:     27
Gold:   0          EV: 28    Int: 20    God:    Makhleb [******] SH:  0 Dex: 17

rFire   + + .      SeeInvis .   k - +∞ Axe of Woe
rCold   x . .      Faith    .   (shield currently unavailable)
rNeg    . . .      Spirit   .   b - +0 leather armour
rPois   ∞          Reflect  .   c - +0 helmet
rElec   .          Harm     .   (no cloak)
rCorr   .          Rampage  .   (no gloves)
Will    ++...      NoTele   +   (boots unavailable)
Stlth   +++++++++.              (no amulet)
HPRegen 0.48/turn               (no ring)
MPRegen 0.00/turn               (no ring)

@: flying
A: sickness immunity, fire resistance 2, cold vulnerability 1, float, innate
caster, HP casting, extra vitality 1
a: Renounce Religion, Minor Destruction, Lesser Servant of Makhleb, Major
Destruction, Greater Servant of Makhleb


You were in the Dungeon.
You worshipped Makhleb.
Makhleb was exalted by your worship.
You visited 1 branch

Inventory:

Hand Weapons
 a - a +0 war axe
 k - the +∞ Axe of Woe (weapon)
   (You found it in the Dungeon)
Missiles
 d - 3 throwing nets (quivered)
 e - a javelin
Armour
 b - a +0 leather armour (worn)
 c - a +0 helmet (worn)
Scrolls
 j - a scroll of blinking
Potions
 f - a potion of curing
 g - a potion of heal wounds
 h - a potion of haste
 i - a potion of berserk rage


   Skills:
 O Level 27 Fighting
 O Level 27 Short Blades
 O Level 27 Long Blades
 O Level 27 Axes
 O Level 27 Maces & Flails
 O Level 27 Polearms
 O Level 27 Staves
 O Level 27 Ranged Weapons
 O Level 27 Throwing
 O Level 27 Armour
 O Level 27 Dodging
 O Level 27 Stealth
 O Level 27 Shields
 O Level 27 Unarmed Combat
 O Level 27 Spellcasting
 O Level 27 Invocations
 O Level 27 Evocations


You had 14 spell levels left.
You knew the following spells:

 Your Spells              Type           Power      Damage    Failure   Level
a - Shock                 Conj/Air       100%       1d9       0%          1
b - Call Imp              Summ           94%        N/A       0%          2
c - Wereblood             Tmut           94%        N/A       0%          2
d - Vampiric Draining     Necr           94%        2d12      0%          3
e - Airstrike             Air            47%        2d(7-23)  0%          4
f - Lightning Bolt        Conj/Air       47%        1d67      0%          5
g - Simulacrum            Ice/Necr       47%        N/A       0%          6
h - Death Channel         Necr           47%        N/A       0%          6
i - Statue Form           Tmut/Erth      62%        N/A       0%          6
j - Dragon Form           Tmut           47%        N/A       0%          7
k - Enfeeble              Hex            47%        N/A       0%          7
l - Lehudib's Crystal Sp  Conj/Erth      47%        10d11     1%          8
m - Dragon's Call         Summ           47%        N/A       1%          9
Your spell library was empty.

Dungeon Overview and Level Annotations

Branches:
Dungeon (1/1)

Altars:
Makhleb


Innate Abilities, Weirdness & Mutations

You are immune to sickness and miasma.
You are immune to poison.
Your flesh is very heat resistant. (rF++)
You are vulnerable to cold. (rC-)
You float through the air rather than walking.
You learn spells naturally, not from books.
Your magical power is your life essence.
You have superior vitality. (+4 MHP)


Message History

Makhleb accepts your kill.
The large bag of meat explodes!
The fiery explosion engulfs you. You resist.
The fiery explosion engulfs the bag of meat!!
The fiery explosion engulfs the bag of meat!!!
You are engulfed in blazing flames.
You resist.
The meat beast howls, "Capitulate, thou fulsome beef-witted mish-mash!"
You hear a shout!
The destroyer points at you and mumbles some strange words.
The destroyer blinks!
The eight-headed meat hydra calls on the powers of darkness!
The eight-headed meat hydra convulses!
The bag of meat convulses! x5
Your body is wracked with pain!
The bag of meat convulses! x3
The accursed gestures at you while chanting.
Something smites you!
You hear a shout!
A bolt of negative energy appears from out of thin air!
Deactivating autopickup; reactivate with Ctrl-A.
The bolt of negative energy misses you.
The tyrant waves its bony arms in wide circles.
The air twists around and strikes you!
You hear a shout!
A bag of meat comes into view. It is wielding a +9 war axe.
You hear a shout! x3
Unknown command.
You are engulfed in blazing flames.
You resist.
The meat beast is engulfed in blazing flames.
You hear a shout! x2
The meat beast is engulfed in blazing flames.
The meat beast bites you. The meat beast tramples you!
* * * LOW HITPOINT WARNING * * *
You hold your ground!
You hear a shout! x3
The bag of meat misses you.
The bag of meat is engulfed in blazing flames.
The bag of meat dies!
The destroyer is engulfed in blazing flames.
The destroyer hits you with a +9 vorpal great sword!!!!!
Ouch! That really hurt!
You die...

#§.....###... ...###.
.o.......X.....###L.....
W...o..#.......)_)......
....#...LX..#)))))#....
###.......O..#_)<)_# ...
##..Lo#....{..#L))).#....
......§X#W....†))_.......
......§)Voo.))))###......
......o2@§)###.......###.
....o.o°○2...#.......#
....M.§o☼§...#.......#
...o#.D..{............
...#D#.#{M.............
....#.#....§.O.........
...#.#.#......... ...#
.....#....


You could see 2 accurseds, a tentacled monstrosity (summoned), 2 meat beasts, 3
tyrants, 2 eight-headed meat hydras, a destroyer, 2 large bags of meat, 2 large
abominations, 2 dreads and 10 bags of meat.

Vanquished Creatures
  12 vampire knights (D)
  41 ogres (D)
  6 two-headed ogres (D)
  3 liches (D)
  2 hydras (D)
  A phantom (D)
  6 hell beasts (D)
  50 orcs (D)
  10 skeletal warriors (D)
  2 royal mummies (D)
  Harold (D)
134 creatures vanquished.

Vanquished Creatures (others)
  An orc (D)
1 creature vanquished.

Grand Total: 135 creatures vanquished

Notes
Turn   | Place    | Note
-------+----------+-------------------------------------------
     0 | D        | Found the +∞ Axe of Woe
     0 | D        | Ast3rio the Djinni Gladiator began the quest for the Orb.
     0 | D        | Reached XP level 1. HP: 18/18 MP: 0/0
     0 | D        | Noticed a meat berserker
     2 | D        | Noticed a bag of meat
     3 | D        | Killed a meat berserker
     3 | D        | Noticed a meat berserker
     3 | D        | Noticed a bag of meat
     4 | D        | Reached skill level 10 in Fighting
     4 | D        | Reached XP level 2. HP: 36/36 MP: 0/0
     4 | D        | Reached XP level 3. HP: 41/41 MP: 0/0
     4 | D        | Learned a level 1 spell: Shock
     4 | D        | Reached XP level 4. HP: 47/47 MP: 0/0
     4 | D        | Reached XP level 5. HP: 52/52 MP: 0/0
     4 | D        | Learned a level 2 spell: Call Imp
     4 | D        | Reached XP level 6. HP: 58/58 MP: 0/0
     4 | D        | Reached XP level 7. HP: 64/64 MP: 0/0
     4 | D        | Learned a level 2 spell: Wereblood
     4 | D        | Reached XP level 8. HP: 69/69 MP: 0/0
     4 | D        | Reached XP level 9. HP: 75/75 MP: 0/0
     4 | D        | Learned a level 3 spell: Vampiric Draining
     4 | D        | Reached XP level 10. HP: 81/81 MP: 0/0
     4 | D        | Reached XP level 11. HP: 86/86 MP: 0/0
     4 | D        | Learned a level 4 spell: Airstrike
     4 | D        | Reached XP level 12. HP: 92/92 MP: 0/0
     5 | D        | Became a worshipper of Makhleb the Destroyer
     5 | D        | Noticed a bag of meat
     6 | D        | Noticed a bag of meat
     8 | D        | Killed a meat berserker
     9 | D        | Reached skill level 10 in Throwing
     9 | D        | Reached XP level 13. HP: 101/101 MP: 0/0
     9 | D        | Learned a level 5 spell: Lightning Bolt
     9 | D        | Noticed a bag of meat
    10 | D        | Killed a bag of meat
    10 | D        | Reached * piety under Makhleb
    10 | D        | Killed a bag of meat
    11 | D        | Reached XP level 14. HP: 110/110 MP: 0/0
    11 | D        | Noticed a bag of meat
    11 | D        | Noticed a meat berserker
    11 | D        | Noticed a meat berserker
    11 | D        | Noticed a bag of meat
    12 | D        | Killed a bag of meat
    13 | D        | Killed a bag of meat
    13 | D        | Reached ** piety under Makhleb
    14 | D        | Reached skill level 27 in Dodging
    14 | D        | Reached XP level 15. HP: 117/117 MP: 0/0
    14 | D        | Learned a level 6 spell: Simulacrum
    14 | D        | Killed a meat berserker
    15 | D        | Reached skill level 15 in Fighting
    15 | D        | Killed a meat berserker
    16 | D        | Reached XP level 16. HP: 129/129 MP: 0/0
    16 | D        | Noticed a meat berserker
    17 | D        | Noticed a meat berserker
    17 | D        | Reached *** piety under Makhleb
    20 | D        | Reached skill level 27 in Axes
    21 | D        | Killed a meat berserker
    21 | D        | Reached **** piety under Makhleb
    22 | D        | Reached skill level 5 in Armour
    22 | D        | Reached XP level 17. HP: 152/152 MP: 0/0
    22 | D        | Learned a level 6 spell: Death Channel
    22 | D        | Killed a meat berserker
    22 | D        | Reached ***** piety under Makhleb
    24 | D        | Reached XP level 18. HP: 166/166 MP: 0/0
    25 | D        | Reached skill level 27 in Fighting
    29 | D        | Noticed The Servant
    29 | D        | Noticed a large bag of meat
    29 | D        | Noticed a destroyer
    30 | D        | Noticed a destroyer
    31 | D        | Noticed a meat berserker
    31 | D        | Noticed a meat berserker
    32 | D        | Noticed a destroyer
    33 | D        | Noticed a sculptor of flesh
    33 | D        | Killed a destroyer
    33 | D        | Killed The Servant
    34 | D        | Reached skill level 27 in Throwing
    34 | D        | Reached XP level 19. HP: 76/174 MP: 0/0
    34 | D        | Learned a level 6 spell: Statue Form
    34 | D        | Killed a destroyer
    34 | D        | Noticed a destroyer
    34 | D        | Noticed a destroyer
    35 | D        | Reached skill level 27 in Armour
    35 | D        | Reached XP level 20. HP: 79/181 MP: 0/0
    35 | D        | Noticed a meat berserker
    35 | D        | Noticed a meat berserker
    36 | D        | Killed a meat berserker
    36 | D        | Reached ****** piety under Makhleb
    36 | D        | Killed a destroyer
    36 | D        | Killed a destroyer
    37 | D        | Reached XP level 21. HP: 163/187 MP: 0/0
    37 | D        | Learned a level 7 spell: Dragon Form
    37 | D        | Noticed a destroyer
    38 | D        | Killed a meat berserker
    38 | D        | Killed a destroyer
    39 | D        | Reached skill level 10 in Maces & Flails
    39 | D        | Reached skill level 10 in Polearms
    39 | D        | Reached skill level 10 in Staves
    39 | D        | Reached skill level 10 in Stealth
    39 | D        | Killed a large bag of meat
    40 | D        | Reached skill level 10 in Ranged Weapons
    40 | D        | Noticed a meat berserker
    41 | D        | Reached skill level 10 in Spellcasting
    41 | D        | Reached XP level 22. HP: 192/194 MP: 0/0
    41 | D        | Killed a meat berserker
    41 | D        | Killed a destroyer
    41 | D        | Noticed a meat berserker
    42 | D        | Killed a meat berserker
    43 | D        | Reached skill level 15 in Shields
    43 | D        | Reached skill level 15 in Unarmed Combat
    43 | D        | Reached skill level 15 in Invocations
    43 | D        | Reached skill level 15 in Evocations
    43 | D        | Noticed a destroyer
    44 | D        | Killed a meat berserker
    45 | D        | Reached skill level 15 in Short Blades
    45 | D        | Reached skill level 15 in Long Blades
    45 | D        | Reached XP level 23. HP: 201/201 MP: 0/0
    45 | D        | Learned a level 7 spell: Enfeeble
    45 | D        | Noticed a tyrant
    45 | D        | Noticed a tyrant
    47 | D        | Reached skill level 15 in Maces & Flails
    47 | D        | Reached skill level 15 in Polearms
    47 | D        | Reached skill level 15 in Staves
    47 | D        | Reached skill level 15 in Stealth
    47 | D        | Noticed an accursed
    48 | D        | Killed a destroyer
    50 | D        | Killed an accursed
    51 | D        | Reached skill level 15 in Ranged Weapons
    51 | D        | Reached XP level 24. HP: 85/208 MP: 0/0
    51 | D        | Killed a tyrant
    53 | D        | Reached skill level 15 in Spellcasting
    59 | D        | Reached XP level 25. HP: 214/214 MP: 0/0
    59 | D        | Learned a level 8 spell: Lehudib's Crystal Spear
    59 | D        | Noticed a meat beast
    61 | D        | Noticed a destroyer
    61 | D        | Noticed a tyrant
    62 | D        | Noticed a destroyer
    65 | D        | Noticed a meat beast
    65 | D        | Noticed a large bag of meat
    66 | D        | Killed a meat beast
    66 | D        | Noticed a large bag of meat
    67 | D        | Reached skill level 27 in Stealth
    68 | D        | Reached XP level 26. HP: 221/221 MP: 0/0
    68 | D        | Killed a meat beast
    68 | D        | Noticed a meat beast
    68 | D        | Noticed a large bag of meat
    69 | D        | Noticed a large bag of meat
    70 | D        | Reached XP level 27. HP: 228/228 MP: 0/0
    70 | D        | Learned a level 9 spell: Dragon's Call
    70 | D        | Killed a destroyer
    70 | D        | Killed a destroyer
    71 | D        | Noticed an accursed
    73 | D        | Killed a large bag of meat
    73 | D        | Noticed an accursed
    74 | D        | Killed a meat beast
    74 | D        | Noticed a dread
    75 | D        | Reached skill level 27 in Short Blades
    75 | D        | Reached skill level 27 in Long Blades
    75 | D        | Reached skill level 27 in Staves
    75 | D        | Reached skill level 27 in Shields
    75 | D        | Reached skill level 27 in Unarmed Combat
    75 | D        | Reached skill level 27 in Invocations
    75 | D        | Reached skill level 27 in Evocations
    75 | D        | Noticed a meat beast
    75 | D        | Noticed a destroyer
    75 | D        | Noticed a destroyer
    75 | D        | Noticed a meat beast
    77 | D        | Reached skill level 27 in Maces & Flails
    77 | D        | Reached skill level 27 in Polearms
    77 | D        | Reached skill level 27 in Ranged Weapons
    77 | D        | Reached skill level 27 in Spellcasting
    77 | D        | Killed a destroyer
    77 | D        | Killed a tyrant
    77 | D        | Noticed a tyrant
    79 | D        | Noticed a large bag of meat
    79 | D        | Killed a large bag of meat
    79 | D        | Killed an accursed
    79 | D        | Killed a large bag of meat
    79 | D        | Noticed a destroyer
    81 | D        | Killed a large bag of meat
    81 | D        | Killed a meat beast
    81 | D        | Noticed an accursed
    82 | D        | Killed a destroyer
    82 | D        | Noticed a dread
    84 | D        | Killed a meat beast
    84 | D        | Noticed a tyrant
    84 | D        | Noticed a tyrant
    85 | D        | Noticed a meat beast
    85 | D        | Noticed a destroyer
    86 | D        | Noticed a meat beast
    86 | D        | Noticed a large bag of meat
    87 | D        | Noticed a meat beast
    87 | D        | Noticed a large bag of meat
    88 | D        | Killed a tyrant
    88 | D        | Killed a meat beast
    90 | D        | Killed a large bag of meat
    90 | D        | Killed a destroyer
    91 | D        | Annihilated by a destroyer

Illustrated notes

Levels and vault maps discovered:
D:        meatsprint

Skill      XL: |  1  2  3  4  5  6  7  8  9 10 11 12 13 14 15 16 17 18 19 20 21 22 23 24 25 26 27 |
---------------+----------------------------------------------------------------------------------+-----
Fighting       | 10 12 13 14 16 23 26 27 | 27.0
Axes           | 16 18 20 21 25 27 | 27.0
Throwing       | 8 10 11 13 18 20 27 | 27.0
Dodging        | 20 23 25 27 | 27.0
Armour         | 5 6 24 27 | 27.0
Short Blades   | 9 12 15 18 20 21 23 27 | 27.0
Long Blades    | 9 12 15 18 20 21 23 27 | 27.0
Maces & Flails | 8 11 14 16 18 20 21 27 | 27.0
Polearms       | 8 11 14 16 18 20 21 27 | 27.0
Staves         | 8 12 14 17 19 20 22 27 | 27.0
Ranged Weapons | 7 11 13 15 17 19 21 27 | 27.0
Stealth        | 8 12 14 17 19 27 | 27.0
Shields        | 9 13 15 18 20 22 24 27 | 27.0
Unarmed Combat | 9 13 16 18 20 22 24 27 | 27.0
Spellcasting   | 7 10 12 14 16 17 19 27 | 27.0
Invocations    | 9 13 15 18 20 22 24 27 | 27.0
Evocations     | 9 13 15 18 20 22 24 27 | 27.0

Action                   |  1- 3 |  4- 6 |  7- 9 | 10-12 | 13-15 | 16-18 | 19-21 | 22-24 | 25-27 || total
-------------------------+-------+-------+-------+-------+-------+-------+-------+-------+-------++-------
Melee: Executioner's axe |     1 |       |       |     1 |     5 |     9 |     5 |    11 |    24 ||    56
Armor: Leather armour    |       |       |       |       |       |       |     1 |       |     1 ||     2
Dodge: Dodged            |       |       |       |       |       |     1 |       |     1 |     3 ||     5
